 Dungeon Crawl Stone Soup version 0.27-a0-978-g2aa4ecdaef (webtiles) character file.

Game seed: 15402680856861877635

245202 tardwrangler69 the Earth Mage (level 19, -12/174 HPs)
             Began as a Green Draconian Earth Elementalist on Apr 14, 2021.
             Was the Champion of Vehumet.
             Shot with an arrow by a deep elf master archer (38 damage)
             ... on level 3 of the Elven Halls.
             The game lasted 02:02:10 (53002 turns).

tardwrangler69 the Earth Mage (DrEE)               Turns: 53002, Time: 02:02:11

Health: -12/174    AC: 16    Str: 11    XL:     19   Next: 50%
Magic:  27/45      EV: 15    Int: 32    God:    Vehumet [******]
Gold:   2665       SH:  9    Dex: 10    Spells: 6/45 levels left

rFire    . . .     SeeInvis .   O - staff of earth
rCold    + . .     Faith    .   G - +0 buckler
rNeg     . . .     Spirit   .   (armour unavailable)
rPois    +         Reflect  +   B - +2 hat
rElec    +         Harm     +   c - scarf {harm}
rCorr    .         Rampage  .   U - +2 pair of gloves
Will     ++++.                  A - +0 pair of boots {Fly}
Stlth    ++........             P - amulet of reflection
HPRegen  0.39/turn              a - ring of Banoc {rElec rC+ Will+++ Int+6 Dex-3}
MPRegen  0.29/turn              r - ring "Mupis" {rElec rPois MP+9 Int+4}

@: flying, studying Slings
A: breathe noxious fumes, AC +10, unfitting armour, stinger 1, poison
resistance, cold-blooded
a: Breathe Noxious Fumes, Renounce Religion


You were on level 3 of the Elven Halls.
You worshipped Vehumet.
Vehumet was exalted by your worship.
You visited 7 branches of the dungeon, and saw 33 of its levels.
You visited the Abyss 1 time.
You also visited: Sewer, Bailey and Ice Cave.

You collected 6459 gold pieces.
You spent 3794 gold pieces at shops.

Inventory:

Hand Weapons
 h - a +2 demon trident of electrocution
Missiles
 b - 658 stones
Armour
 c - a scarf of harm (worn)
 e - a scarf of repulsion
 A - a +0 pair of boots of flying (worn)
 B - a +2 hat (worn)
 G - a +0 buckler (worn)
 U - a +2 pair of gloves (worn)
Magical Staves
 E - a staff of poison
 O - a staff of earth (weapon)
 R - a staff of conjuration
Jewellery
 a - the ring of Banoc (left hand) {rElec rC+ Will+++ Int+6 Dex-3}
   (You bought it in a shop on level 2 of the Snake Pit)

   [ring of intelligence]

   It affects your intelligence (+6).
   It affects your dexterity (-3).
   It protects you from cold.
   It insulates you from electricity.
   It greatly increases your willpower.
 f - a ring of wizardry
 k - a +4 ring of evasion
 r - the ring "Mupis" (right hand) {rElec rPois MP+9 Int+4}
   (You acquired it on level 10 of the Dungeon)

   [ring of magical power]

   It affects your intelligence (+4).
   It insulates you from electricity.
   It protects you from poison.
   It affects your magic capacity (+9).
 s - an amulet of magic regeneration
 F - a ring of protection from fire
 H - the ring "Iggikuvi" {rF+ Will+ Dex+4 SInv}
   (You found it on level 2 of the Shoals)

   [ring of see invisible]

   It affects your dexterity (+4).
   It protects you from fire.
   It lets you see invisible.
   It increases your willpower.
 N - a ring of protection from cold
 P - an amulet of reflection (around neck)
 X - a ring of positive energy
Wands
 w - a wand of digging (11)
 L - a wand of acid (5)
Scrolls
 i - 3 scrolls of fear
 j - 2 scrolls of torment
 m - 9 scrolls of enchant armour
 o - 5 scrolls of amnesia
 p - 8 scrolls of brand weapon
 t - 7 scrolls of enchant weapon
 u - a scroll of magic mapping
 v - 5 scrolls of teleportation
 y - 10 scrolls of identify
 C - 2 scrolls of blinking
 M - a scroll of fog
 V - a scroll of silence
 Y - a scroll of acquirement
 Z - 3 scrolls of immolation
Potions
 d - 4 potions of lignification
 g - 12 potions of curing
 l - 5 potions of heal wounds
 n - 4 potions of attraction
 q - 10 potions of haste
 x - 3 potions of might
 z - 2 potions of mutation
 D - a potion of invisibility {unknown}
 I - 5 potions of berserk rage
 J - 3 potions of cancellation
 K - 4 potions of brilliance
 Q - 2 potions of flight
 T - 5 potions of ambrosia
 W - 3 potions of resistance


   Skills:
 - Level 16.8 Fighting
 + Level 12.9 Polearms
 - Level 10.0 Dodging
 - Level 1.7 Stealth
 - Level 4.0 Shields
 * Level 13.7 Spellcasting
 - Level 8.0 Conjurations
 - Level 8.0 Transmutations
 - Level 20.0 Earth Magic
 - Level 11.0 Poison Magic


You had 6 spell levels left.
You knew the following spells:

 Your Spells              Type           Power      Damage    Failure   Level
a - Sandblast             Erth           100%       2d20      0%          1
b - Stone Arrow           Conj/Erth      100%       3d13      0%          3
c - Passwall              Tmut/Erth      88%        N/A       0%          2
d - Lee's Rapid Deconstr  Erth           61%        3d29*     0%          5
e - Iron Shot             Conj/Erth      53%        9d10      1%          6
f - Statue Form           Tmut/Erth      70%        N/A       1%          6
g - Olgreb's Toxic Radia  Pois           75%        N/A       1%          4
h - Ignite Poison         Fire/Tmut/Pois 58%        N/A       1%          3
i - Shatter               Erth           61%        3d45*     16%         9

Your spell library contained the following spells:

 Spells                   Type           Power      Damage    Failure   Level
 Ignition                 Fire           11%        3d5       100%        8
 Tornado                  Air            11%        N/A       100%        9
 Animate Skeleton         Necr           44%        N/A       1%          1
 Apportation              Tloc           44%        N/A       1%          1
 Corona                   Hex            24%        N/A       1%          1
 Freeze                   Ice            88%        1d10      1%          1
 Sting                    Tmut/Pois      100%       1d8       1%          1
 Summon Small Mammal      Summ           88%        N/A       1%          1
 Poisonous Vapours        Pois/Air       100%       N/A       1%          2
 Dazzling Flash           Conj/Hex       94%        N/A       1%          3
 Frozen Ramparts          Ice            44%        1d6       1%          3
 Mephitic Cloud           Conj/Pois/Air  58%        N/A       1%          3
 Hailstorm                Conj/Ice       47%        3d11      1%          4
 Leda's Liquefaction      Hex/Erth       46%        N/A       1%          4
 Petrify                  Tmut/Erth      100%       N/A       1%          4
 Alistair's Intoxication  Tmut/Pois      46%        N/A       1%          5
 Bolt of Magma            Conj/Fire/Erth 44%        4d18      1%          5
 Irradiate                Conj/Tmut      32%        3d24      1%          5
 Eringya's Noxious Bog    Tmut/Pois      35%        N/A       1%          6
 Ensorcelled Hibernation  Hex/Ice        44%        N/A       3%          2
 Sublimation of Blood     Necr           11%        N/A       3%          2
 Lightning Bolt           Conj/Air       23%        1d39      3%          5
 Airstrike                Air            11%        N/A       5%          4
 Confusing Touch          Hex            22%        N/A       6%          3
 Lesser Beckoning         Tloc           11%        N/A       6%          3
 Ozocubu's Armour         Ice            22%        N/A       6%          3
 Tukima's Dance           Hex            22%        N/A       6%          3
 Blade Hands              Tmut           32%        N/A       12%         6
 Metabolic Englaciation   Hex/Ice        11%        N/A       50%         5
 Invisibility             Hex            22%        N/A       97%         6
 Lehudib's Crystal Spear  Conj/Erth      53%        10d12     12%         8
 Dragon Form              Tmut           32%        N/A       54%         7
 Chain Lightning          Conj/Air       23%        N/A       99%         8
 Absolute Zero            Ice            11%        ∞         100%        9
 Fire Storm               Conj/Fire      23%        8d6       100%        9
 Animate Armour           Summ/Erth      Unusable   N/A       N/A         4

Dungeon Overview and Level Annotations

Branches:
Dungeon (15/15)            Temple (1/1) D:7            Lair (6/6) D:8
 Shoals (3/4) Lair:2        Snake (3/4) Lair:3        Slime (0/5) Lair:5
    Orc (2/2) D:10            Elf (3/3) Orc:2        Vaults (0/5) D:13
 Depths (0/5) D:15          Sewer (visited)          Bailey (visited)
  IceCv (visited)

Altars:
Dithmenos
Gozag
Hepliaklqana
Kikubaaqudgha
Nemelex Xobeh
Qazlal
Ru
Sif Muna
Trog
Uskayaw
Vehumet
Wu Jian
Xom
Yredelemnul
The Shining One

Shops:
D:6 !   D:7 *   D:8 :   D:11 (   D:15 :   Orc:1 *   Orc:2 **=!   Elf:1 [==
Elf:3 [   Snake:1 =   Snake:2 =

Portals:
Trove: D:13 (give +3 shadow dragon scales)

Annotations:
D:4 exclusion: downstairs
D:5 exclusion: downstairs
D:8 Grum
D:14 Roxanne
Lair:5 2 transporters, GEC's ghost, journeyman DsVM
Shoals:2 exclusion: downstairs
Shoals:3 Ilsuiw
Snake:1 exclusion: 2 downstairs
Elf:1 Louise


Innate Abilities, Weirdness & Mutations

You can breathe blasts of noxious fumes.
Your lurid green scales are hard. (AC +10)
You cannot fit into any form of body armour.
Your tail ends in a poisonous barb.
Your system is resistant to poisons. (rPois)
You are cold-blooded and may be slowed by cold attacks.


Message History

You feel a surge of power!
The iron shot hits the deep elf blademaster!!!
You kill the deep elf blademaster!
Vehumet accepts your kill.
You feel your power returning.
The deep elf master archer wields a +0 longbow.
The deep elf master archer shoots an arrow.
The arrow hits you!!
The deep elf master archer shoots an arrow.
The arrow hits you!
Casting: Iron Shot (mildly dangerous; 1% risk of failure)
Confirm with . or Enter, or press ? or * to list all spells.
Aiming: Lee's Rapid Deconstruction (safe; 0% risk of failure)
Press: ? - help, Dir - move target A stone wall.
You feel a surge of power!
The wall shatters!
The blast of rock fragments hits the deep elf master archer!!!
The deep elf master archer is almost dead.
The blast of rock fragments hits the deep elf master archer!
The deep elf master archer is lightly wounded.
Casting: Lee's Rapid Deconstruction (safe; 0% risk of failure)
Confirm with . or Enter, or press ? or * to list all spells.
Aiming: Lee's Rapid Deconstruction (safe; 0% risk of failure)
Press: ? - help, Dir - move target A stone wall.
You feel a surge of power!
The wall shatters!
The blast of rock fragments hits the deep elf master archer!!!
The deep elf master archer is almost dead.
The blast of rock fragments hits the deep elf master archer!!!
You kill the deep elf master archer!
Vehumet accepts your kill.
You feel your power returning.
You hear a shout!
The deep elf master archer wields a +0 longbow.
The deep elf master archer shoots an arrow.
The arrow hits you!!
* * * LOW HITPOINT WARNING * * *
The deep elf master archer shoots an arrow.
The arrow hits you!!
You die...

*,,,,,,,,,,***.....***,,,,,,,,,,*
***,,,,,,,,+,,,.⌠.,,,+,,,,,,,,***
****,,,*****,...,*****,,,****
***** **#e#** ***** #.# #)# #####
#)# ##### #|..# #)# #..)# #.|[#
#@# #.[.# ##'## #.# ##'##
##...### ###.### ###...##
.......### ###.....### ###.......
.........###.........###.........
.................................
.................................
.................................
#...............#...............#


You could see a deep elf master archer.

Vanquished Creatures
  A bone dragon (Abyss:2)
  Rupert (D:13)
  Asterion (Elf:1)
  6 deep elf blademasters
  5 deep elf master archers (Elf:3)
  Polyphemus (Shoals:3)
  2 nagarajas
  Agnes (D:14)
  3 deep elf sorcerers (Elf:3)
  An orc warlord (Bailey)
  6 deep elf elementalists (Elf:3)
  2 very ugly things (IceCv)
  A deep elf demonologist (Elf:3)
  7 deep elf annihilators
  A deep elf death mage (Elf:3)
  2 merfolk javelineers
  2 salamander tyrants
  Josephine (Shoals:1)
  2 merfolk impalers
  A fire dragon (Lair:6)
  A deep elf high priest (Elf:3)
  13 hydras
  8 boulder beetles
  A rakshasa (D:14)
  9 naga warriors
  A death knight (D:13)
  A merfolk aquamancer (Shoals:3)
  5 centaur warriors
  A two-headed ogre (shapeshifter) (Elf:2)
  10 anacondas
  5 catoblepae
  20 two-headed ogres
  4 ogre magi (Orc:2)
  27 dancing weapons
  3 merfolk avatars
  2 death yaks (Shoals:3)
  A satyr (Shoals:3)
  7 naga sharpshooters
  A vampire mage (D:15)
  A storm dragon zombie (D:15)
  2 orc high priests (Orc:1)
  20 deep elf knights
  6 shock serpents
  2 salamander mystics
  3 skeletal warriors
  A large abomination (Abyss:2)
  A sixfirhy (Abyss:2)
  8 sea snakes
  A swamp dragon (Lair:6)
  14 harpies
  7 deep elf archers
  An orange crystal statue (Elf:2)
  3 naga ritualists
  A necromancer (D:15)
  22 deep elf pyromancers
  A wizard (Elf:1)
  A phantasmal warrior (D:13)
  Pikel (D:8)
  10 ugly things
  21 deep elf zephyrmancers
  6 manticores
  4 orc knights
  4 mana vipers
  2 stone giant zombies (D:15)
  6 cyclopes
  5 salamanders
  An orb spider (shapeshifter) (Elf:2)
  4 orc sorcerers
  7 fauns
  4 oklob plants
  8 elephants
  2 merfolk sirens (Shoals:3)
  4 water nymphs
  A guardian serpent (Snake:3)
  9 naga magi
  A guardian serpent (shapeshifter) (D:13)
  6 cane toads
  27 black mambas
  5 ice statues (IceCv)
  7 rime drakes
  4 orange demons (D:14)
  2 unseen horrors (D:11)
  10 komodo dragons
  3 anaconda simulacra (IceCv)
  A freezing wraith (D:13)
  2 guardian mummies (D:13)
  7 trolls
  2 red devils (D:14)
  3 wind drakes
  2 hornets
  14 polar bears
  17 merfolk
  10 blink frogs (Lair:2)
  4 raiju (Lair:6)
  5 snapping turtles
  4 vampires
  2 air elementals
  5 water elementals
  62 yaks
  Sigmund (D:4)
  16 humans (D:13)
  2 dire elephant simulacra (IceCv)
  8 wyverns
  7 wraiths
  A deep troll skeleton (D:15)
  8 basilisks
  2 fire elementals (Elf:1)
  5 steam dragons
  16 vampire mosquitoes
  A harpy simulacrum (IceCv)
  23 nagas
  2 acid dragons (Lair:6)
  12 wargs
  11 hell hounds (Lair:6)
  20 water moccasins
  3 hydra simulacra (IceCv)
  26 orc warriors
  13 black bears
  9 ice beasts
  5 sky beasts
  30 ogres
  2 necrophages (D:7)
  A tengu (shapeshifter) (Elf:3)
  20 centaurs
  2 boggarts (Elf:1)
  19 wolves
  A lemure (D:8)
  A kobold brigand (D:5)
  10 bullfrogs
  A phantom (D:6)
  7 scorpions
  3 earth elementals
  51 killer bees
  4 wights (D:10)
  5 howler monkeys
  3 electric eels (D:14)
  5 centaur zombies
  17 orc priests
  5 hounds
  5 jellies
  2 bullfrog skeletons
  4 iguanas
  Natasha (D:4)
  15 orc wizards
  A killer bee zombie (D:8)
  A howler monkey zombie (D:9)
  12 gnolls
  5 adders
  A river rat (D:5)
  A white imp (D:6)
  3 ufetubi
  5 worms
  2 dart slugs (D:3)
  61 orcs
  9 bats
  8 endoplasms
  9 giant cockroaches
  14 goblins
  7 hobgoblins
  15 jackals
  26 kobolds
  5 quokkas
  13 ball pythons
  7 frilled lizards
  8 rats
1184 creatures vanquished.

Vanquished Creatures (others)
  A deep elf knight (Elf:2)
  2 deep elf archers (Elf:2)
  A deep elf zephyrmancer (Elf:2)
  A bush (D:8)
  21 fungi
  110 plants
  11 withered plants
147 creatures vanquished.

Grand Total: 1331 creatures vanquished

Notes
Turn   | Place    | Note
-------+----------+-------------------------------------------
     0 | D:1      | tardwrangler69 the Draconian Earth Elementalist began the
                  | quest for the Orb.
     0 | D:1      | Reached XP level 1. HP: 14/14 MP: 3/3
    87 | D:1      | Reached XP level 2. HP: 10/20 MP: 1/5
   889 | D:1      | Found a faded altar of an unknown god.
  1105 | D:1      | Reached skill level 4 in Earth Magic
  1207 | D:2      | Reached XP level 3. HP: 26/26 MP: 2/6
  1389 | D:2      | Reached XP level 4. HP: 33/33 MP: 7/7
  1394 | D:2      | Reached skill level 5 in Earth Magic
  1865 | D:2      | Found a shimmering blue altar of Sif Muna.
  2191 | D:3      | Found an ancient bone altar of Kikubaaqudgha.
  2210 | D:3      | Learned a level 3 spell: Stone Arrow
  2213 | D:3      | Learned a level 2 spell: Passwall
  2518 | D:3      | Found a sparkling altar of Nemelex Xobeh.
  2567 | D:3      | Reached XP level 5. HP: 20/38 MP: 8/8
  3095 | D:3      | You fall into a shaft and drop 1 floor!
  3320 | D:4      | Noticed Sigmund
  3878 | D:4      | Killed Sigmund
  3879 | D:4      | Reached skill level 6 in Earth Magic
  3879 | D:4      | Reached XP level 6. HP: 45/45 MP: 6/10
  4048 | D:4      | Learned a level 5 spell: Lee's Rapid Deconstruction
  4072 | D:4      | Found an ornate altar of the Wu Jian Council.
  4190 | D:4      | Noticed Natasha
  4192 | D:4      | Killed Natasha
  4466 | D:5      | Entered Level 5 of the Dungeon
  4505 | D:5      | Noticed a sky beast
  4511 | D:5      | Killed a sky beast
  4512 | D:5      | Your scales start taking on a lurid green colour.
  4512 | D:5      | Reached XP level 7. HP: 50/50 MP: 7/12
  4512 | D:5      | Gained mutation: Your system is resistant to poisons.
                  | (rPois) [Green Draconian growth]
  4717 | D:5      | Found a glowing drain.
  4778 | Sewer    | Entered a sewer
  5063 | Sewer    | Reached skill level 5 in Dodging
  5630 | D:5      | Reached XP level 8. HP: 56/57 MP: 14/14
  5810 | D:5      | Reached skill level 7 in Earth Magic
  5980 | D:6      | Reached skill level 1 in Conjurations
  6060 | D:6      | Reached skill level 5 in Spellcasting
  6232 | D:6      | Found Dunouk's Distillery.
  6244 | D:6      | Bought a potion of mutation for 80 gold pieces
  6244 | D:6      | Bought a potion of heal wounds for 50 gold pieces
  6704 | D:6      | Found a sacrificial altar of Ru.
  6745 | D:6      | Reached XP level 9. HP: 62/62 MP: 14/17
  6787 | D:6      | Reached skill level 5 in Conjurations
  7778 | D:7      | Found a staircase to the Ecumenical Temple.
  7814 | D:7      | Found Zecuubae's General Store.
  7817 | Temple   | Entered the Ecumenical Temple
  7830 | Temple   | Became a worshipper of Vehumet
  7884 | D:7      | Found a flagged portal.
  7935 | Bailey   | Entered a bailey
  7993 | Bailey   | Noticed an orc warlord
  8198 | Bailey   | Reached * piety under Vehumet
  8198 | Bailey   | Offered knowledge of Foxfire by Vehumet.
  8378 | Bailey   | Found a runed translucent gate.
  8382 | Bailey   | Found a runed translucent gate.
  8383 | Bailey   | Found a runed translucent gate.
  8389 | Bailey   | Noticed an orc knight
  8407 | Bailey   | Killed an orc knight
  8408 | Bailey   | Reached skill level 8 in Earth Magic
  8723 | Bailey   | Killed an orc warlord
  8724 | Bailey   | Reached skill level 9 in Earth Magic
  8724 | Bailey   | Reached XP level 10. HP: 53/69 MP: 11/20
  8827 | Bailey   | Identified the Guide on Frigorific Air
  9070 | D:7      | Reached skill level 10 in Earth Magic
  9753 | D:7      | Reached skill level 1 in Fighting
 10172 | D:8      | Reached skill level 11 in Earth Magic
 10502 | D:8      | Offered knowledge of Static Discharge by Vehumet.
 10515 | D:8      | Reached ** piety under Vehumet
 10519 | D:8      | Reached XP level 11. HP: 66/85 MP: 6/21
 10624 | D:8      | Found a staircase to the Lair.
 10771 | D:8      | Reached skill level 5 in Fighting
 11122 | D:8      | Noticed Pikel
 11127 | D:8      | Killed Pikel
 11390 | D:8      | Found an opulent altar of Gozag.
 11391 | D:8      | Found a shimmering altar of Xom.
 11474 | D:8      | Found a hazy altar of Hepliaklqana.
 11475 | D:8      | Noticed Grum
 11506 | D:8      | Found Roreu's Book Shoppe.
 11733 | D:8      | Found an opulent altar of Gozag.
 11734 | D:8      | Found a shimmering altar of Xom.
 11896 | D:8      | Found a staircase to the Lair.
 11912 | D:8      | Found a hazy altar of Hepliaklqana.
 11933 | D:8      | Found Roreu's Book Shoppe.
 12240 | D:8      | Identified 2 scrolls of acquirement
 12240 | D:8      | Acquired 1013 gold pieces
 12242 | D:8      | Acquired 1126 gold pieces
 12288 | D:8      | Bought a book of the Earth for 780 gold pieces
 12451 | D:9      | Offered knowledge of Ignite Poison by Vehumet.
 12703 | D:9      | Reached skill level 12 in Earth Magic
 12872 | D:9      | Reached *** piety under Vehumet
 13433 | D:10     | Entered Level 10 of the Dungeon
 13462 | D:10     | Offered knowledge of Conjure Flame by Vehumet.
 14083 | D:10     | Reached **** piety under Vehumet
 14153 | D:10     | Noticed a two-headed ogre
 14157 | D:10     | Killed a two-headed ogre
 14157 | D:10     | Offered knowledge of Inner Flame by Vehumet.
 14341 | D:10     | Acquired the ring "Mupis" {rElec rPois MP+9 Int+4}
 14354 | D:10     | Reached skill level 13 in Earth Magic
 14403 | D:10     | Found a staircase to the Orcish Mines.
 14514 | D:10     | Learned a level 6 spell: Iron Shot
 14768 | D:10     | Found a stormy altar of Qazlal.
 15099 | D:11     | Identified the +1 mace of Gozag's Regard {drain, Fly Int+3}
 15108 | D:11     | Found Qeuss's Antique Weapon Emporium.
 15267 | D:11     | Reached XP level 12. HP: 94/104 MP: 22/22
 15588 | D:11     | Noticed a five-headed hydra
 15831 | D:11     | Killed a five-headed hydra
 15916 | D:12     | Noticed a five-headed hydra
 15922 | D:12     | Noticed a six-headed hydra
 15931 | D:12     | Reached ***** piety under Vehumet
 15931 | D:12     | Offered knowledge of Iskenderun's Battlesphere by Vehumet.
 15936 | D:12     | Noticed a two-headed ogre
 15939 | D:12     | Killed a two-headed ogre
 15941 | D:12     | Noticed a boulder beetle
 16394 | Lair:1   | Entered Level 1 of the Lair of Beasts
 16813 | Lair:1   | Reached skill level 5 in Transmutations
 16948 | Lair:1   | Learned a level 6 spell: Statue Form
 17430 | Lair:2   | Noticed a five-headed hydra
 17436 | Lair:2   | Killed a five-headed hydra
 17437 | Lair:2   | Reached skill level 10 in Fighting
 18710 | Lair:2   | Found a staircase to the Shoals.
 19053 | Lair:3   | Noticed a seven-headed hydra
 19058 | Lair:3   | Killed a seven-headed hydra
 19241 | Lair:3   | Reached XP level 13. HP: 113/113 MP: 23/23
 19425 | Lair:3   | Found a staircase to the Snake Pit.
 20269 | Lair:3   | Acquired a staff of earth
 21438 | Lair:4   | Reached skill level 10 in Dodging
 21765 | Lair:5   | Reached skill level 1 in Shields
 21962 | Lair:5   | Identified the +1 scale mail "Yqokot" {rCorr Str+3}
 22137 | Lair:5   | Found a transporter.
 22140 | Lair:5   | Found a transporter.
 22141 | Lair:5   | Noticed GEC's ghost (journeyman DsVM)
 22216 | Lair:5   | Reached skill level 14 in Earth Magic
 22494 | Lair:5   | Found a bloodstained altar of Trog.
 22965 | Lair:5   | Found a staircase to the Slime Pits.
 23097 | Lair:6   | Entered Level 6 of the Lair of Beasts
 23481 | Lair:6   | Gained mutation: Your tail ends in a poisonous barb. [Green
                  | Draconian growth]
 23481 | Lair:6   | Reached XP level 14. HP: 121/121 MP: 23/24
 24367 | Lair:6   | Reached skill level 15 in Earth Magic
 24675 | Lair:6   | Offered knowledge of Starburst by Vehumet.
 25593 | Lair:6   | Reached skill level 10 in Spellcasting
 27576 | D:13     | Noticed Rupert
 27583 | D:13     | Killed Rupert
 27584 | D:13     | Reached skill level 15 in Fighting
 27584 | D:13     | Reached XP level 15. HP: 141/141 MP: 7/29
 27731 | D:13     | Offered knowledge of Fireball by Vehumet.
 27801 | D:13     | Reached skill level 1 in Poison Magic
 28063 | D:13     | Found a gate to the Vaults.
 28201 | D:13     | Found a bloodstained altar of Trog.
 28978 | D:13     | Found a portal to a secret trove of treasure.
 29245 | D:14     | Noticed Agnes
 29253 | D:14     | Killed Agnes
 29256 | D:14     | Reached skill level 5 in Poison Magic
 29616 | D:14     | Reached ****** piety under Vehumet
 30474 | D:14     | Noticed Roxanne
 31006 | D:15     | Entered Level 15 of the Dungeon
 31437 | D:15     | Offered knowledge of Ozocubu's Refrigeration by Vehumet.
 31649 | D:15     | Learned a level 4 spell: Olgreb's Toxic Radiance
 31908 | D:15     | Found a staircase to the Depths.
 32228 | D:15     | Found Daufo's Book Emporium.
 32243 | D:15     | Found a shadowy altar of Dithmenos.
 32598 | Orc:1    | Entered Level 1 of the Orcish Mines
 32598 | Orc:1    | Found Qiomm's Assorted Antiques.
 32767 | D:10     | Reached skill level 10 in Poison Magic
 32884 | Orc:1    | Bought a scroll of acquirement for 936 gold pieces
 33533 | Orc:2    | Entered Level 2 of the Orcish Mines
 33545 | Orc:2    | Learned a level 3 spell: Ignite Poison
 33692 | Orc:2    | Offered knowledge of Conjure Ball Lightning by Vehumet.
 33693 | Orc:2    | Reached XP level 16. HP: 154/154 MP: 30/30
 33929 | Orc:2    | Reached skill level 16 in Earth Magic
 34366 | Orc:2    | Found a staircase to the Elven Halls.
 34489 | Orc:2    | Found Qewient's Jewellery Boutique.
 34489 | Orc:2    | Found Myhotsac's General Store.
 34489 | Orc:2    | Found Doeritepp's Distillery.
 34489 | Orc:2    | Found Asoneosch's General Store.
 34513 | Orc:2    | Bought a scroll of acquirement for 936 gold pieces
 34867 | Elf:1    | Entered Level 1 of the Elven Halls
 34971 | Elf:1    | Found Suxiwni's Jewellery Emporium.
 34973 | Elf:1    | Found Utoir's Jewellery Shoppe.
 35245 | Elf:1    | Reached skill level 17 in Earth Magic
 35255 | Elf:1    | Noticed Asterion
 35262 | Elf:1    | Killed Asterion
 35403 | Elf:1    | Offered knowledge of Spellforged Servitor by Vehumet.
 35483 | Elf:1    | Found Ratro's Antique Armour Boutique.
 36064 | Elf:1    | Noticed Louise
 36071 | Elf:1    | Cast into level 2 of the Abyss (Louise)
 36080 | Abyss:2  | Found a sacrificial altar of Ru.
 36114 | Abyss:2  | Noticed a bone dragon
 36118 | Abyss:2  | Killed a bone dragon
 36346 | Abyss:2  | Noticed a Hell Sentinel
 36375 | Elf:1    | Escaped the Abyss
 36540 | Orc:2    | Acquired a staff of poison
 36543 | Orc:2    | Acquired 423 gold pieces
 36712 | Snake:1  | Entered Level 1 of the Snake Pit
 36800 | Snake:1  | Found Riulinox's Jewellery Shop.
 36875 | Snake:1  | Reached skill level 1 in Polearms
 37509 | Snake:1  | Reached skill level 18 in Earth Magic
 38374 | Snake:2  | Reached XP level 17. HP: 151/160 MP: 21/31
 38716 | Snake:2  | Found Cunattar's Jewellery Shop.
 38873 | Snake:2  | Bought the ring of Banoc {rElec rC+ Will+++ Int+6 Dex-3}
                  | for 1012 gold pieces
 38953 | Snake:2  | Reached skill level 5 in Polearms
 40626 | Snake:3  | Offered knowledge of Lehudib's Crystal Spear by Vehumet.
 40922 | Snake:3  | Reached skill level 19 in Earth Magic
 41787 | Shoals:1 | Entered Level 1 of the Shoals
 42485 | Shoals:1 | Noticed Josephine
 42491 | Shoals:1 | Killed Josephine
 42841 | Shoals:1 | You are sucked into a shaft and drop 1 floor!
 44086 | Shoals:2 | Identified the ring "Iggikuvi" {rF+ Will+ Dex+4 SInv}
 44762 | Shoals:2 | Found Qumalid's General Store.
 45873 | Shoals:3 | Found a frozen archway.
 45885 | Shoals:3 | Noticed Polyphemus
 45886 | IceCv    | Entered an ice cave
 45889 | IceCv    | Reached XP level 18. HP: 168/168 MP: 30/32
 46229 | Shoals:3 | Reached skill level 10 in Polearms
 46249 | Shoals:3 | Killed Polyphemus
 46621 | Shoals:3 | Offered knowledge of Tornado by Vehumet.
 46621 | Shoals:3 | Offered knowledge of Ignition by Vehumet.
 46900 | Shoals:3 | Noticed Ilsuiw
 47391 | Shoals:2 | Acquired 357 gold pieces
 47958 | Elf:2    | Reached skill level 20 in Earth Magic
 48395 | Elf:2    | Found a runed translucent gate.
 48395 | Elf:2    | Found a runed translucent gate.
 48396 | Elf:2    | Found a runed translucent gate.
 50230 | Elf:2    | Learned a level 9 spell: Shatter
 50316 | Elf:3    | Entered Level 3 of the Elven Halls
 51002 | Elf:3    | Reached XP level 19. HP: 174/174 MP: 27/35
 51759 | Elf:3    | Found Nociad's Antique Armour Shoppe.
 52562 | Elf:3    | Identified the ring of Yhuefoe {rC- rN+ Str+6 Dex+3}
 53002 | Elf:3    | Shot with an arrow by a deep elf master archer

Illustrated notes

Levels and vault maps discovered:
D:1:      amcnicky_arrival_single_pillar, layout_loops_cross,
          ebering_ecumenical_altar_ruins, minmay_worlds_worst_comb
D:2:      layout_rooms, basic_altar
D:3:      layout_basic, nemelex_dance_club_becter, kiku_gazebo_garden_becter,
          minivault_24
D:4:      layout_cave_pools, nicolae_wu_jian_wuxing_cycle, kennysheep_dice,
          uniq_natasha, uniq_sigmund
D:5:      layout_rooms, portal_sewer_entry_c, minmay_crystal_water,
          grunt_ministairs_7
D:6:      layout_rooms, nicolae_ru_the_path_less_chosen, serial_shops,
          kennysheep_little_box, minmay_quadrilaterals
D:7:      layout_basic, enter_bailey_5, serial_shops,
          nicolae_shop_temple_entry_statues_fountains
D:8:      layout_cave_pods, nicolae_overflow_hidden_temple,
          minmay_lair_entry_grove, serial_shops, nicolae_shop_waterfront,
          uniq_grum, uniq_pikel
D:9:      layout_irregular_city
D:10:     wad_woods_minihive, layout_rooms, lemuel_doored_altar, orc_0_dummy,
          kennysheep_generic_room_13
D:11:     layout_long_grid, serial_shops, shop
D:12:     layout_cave_pools, st_stairs_7
D:13:     layout_stronghold, david_vaults_3, nicolae_trove_entry_path_of_doom,
          dk_noncrumbling_3, trog_butcher_becter
D:14:     layout_basic, minmay_misc_feat_roman, serial_curves, eino_curves_04,
          eino_curves_03, minmay_beelzebubs_servants, uniq_agnes, uniq_roxanne
D:15:     gammafunk_depths_entry_grave, layout_loops_ring,
          nicolae_dithmenos_through_a_glass_darkly, serial_shops, shop_statue
Temple:   zaba_magenta_temple
Lair:1:   layout_regular_city
Lair:2:   layout_cave_pods, shoals_dummy_entry
Lair:3:   layout_small_grid, guppyfry_snake_entry_island,
          minmay_lair_oklob_chamber
Lair:4:   layout_gridlike, grunt_megastairs_2
Lair:5:   layout_regular_city, minmay_slime_entry_oklob_enclosed,
          gammafunk_ghost_wrathful_warriors, grunt_megastairs_3
Lair:6:   guppyfry_lair_end_dragon, layout_big_grid,
          hangedman_lair_caniforms_friends, nicolae_quartered_pool_super,
          infiniplex_staircase_pool
Shoals:1: layout_shoals, uniq_josephine
Shoals:2: layout_shoals, serial_shops, shop
Shoals:3: layout_shoals, portal_ice_cave_entry_pillars_1, st_sunken_huts,
          uniq_ilsuiw, uniq_polyphemus
Snake:1:  layout_grid_maze, serial_shops, shop_statue
Snake:2:  layout_rooms, nicolae_snake_linked_coils,
          minmay_shop_enchanted_jewellery, evilmike_ambush
          [evilmike_ambush_outer_corners, evilmike_ambush_inner_wall_1]
Snake:3:  layout_rooms, lemuel_fruit_tree
Orc:1:    cheibrodos_orc_guarddog, layout_caves, serial_shops, shop
Orc:2:    st_orc_ogre_mass, layout_caves
Elf:1:    layout_geoelf_octagon, serial_shops, shop, hangedman_elf_disciples,
          minmay_shoptagon, uniq_louise, uniq_asterion
Elf:2:    layout_geoelf_octagon, minivault_16
Elf:3:    minmay_elf_hall, layout_loops_ring, serial_shops,
          nicolae_shop_statue_plus

Skill      XL: |  1  2  3  4  5  6  7  8  9 10 11 12 13 14 15 16 17 18 19 |
---------------+----------------------------------------------------------+-----
Earth Magic    | 4 5 6 7 9 11 13 14 15 18 19 20 | 20.0
Dodging        | 2 3 4 5 6 8 10 | 10.0
Spellcasting   | 3 4 5 7 10 12 13 | 13.7
Conjurations   | 4 7 8 |  8.0
Fighting       | 4 9 10 15 16 | 16.8
Transmutations | 2 7 8 |  8.0
Shields        | 4 |  4.0
Poison Magic   | 11 | 11.0
Polearms       | 3 9 12 | 12.9
Stealth        | |  1.7

Action                   |  1- 3 |  4- 6 |  7- 9 | 10-12 | 13-15 | 16-18 | 19-21 || total
-------------------------+-------+-------+-------+-------+-------+-------+-------++-------
Melee: Unarmed           |   106 |       |       |       |       |       |       ||   106
       Tailslap          |    19 |    16 |    10 |     8 |     2 |       |       ||    55
       Spear             |    18 |       |       |       |       |       |       ||    18
       Halberd           |     2 |   225 |   222 |    77 |       |       |       ||   526
       Staff             |       |       |       |       |    12 |     1 |       ||    13
       Demon trident     |       |       |       |       |       |    10 |       ||    10
 Cast: Sandblast         |    14 |    14 |    53 |   129 |   137 |    36 |       ||   383
       Stone Arrow       |       |       |    29 |   177 |   413 |   474 |    41 ||  1134
       Lee's Rapid Decon |       |       |       |    30 |   117 |   112 |    16 ||   275
       Iron Shot         |       |       |       |     2 |    15 |     2 |    13 ||    32
       Statue Form       |       |       |       |       |     5 |     2 |       ||     7
       Olgreb's Toxic Ra |       |       |       |       |    22 |   105 |    11 ||   138
       Ignite Poison     |       |       |       |       |     2 |    45 |     5 ||    52
 Abil: Breathe Noxious F |       |       |     2 |       |     2 |       |     1 ||     5
Evoke: Wand              |       |       |     4 |       |       |       |       ||     4
  Use: Scroll            |       |     3 |     5 |    14 |     8 |    10 |       ||    40
       Potion            |       |       |     4 |       |       |     2 |       ||     6
 Stab: Sleeping          |     4 |     6 |     1 |       |       |       |       ||    11
Armor: Skin              |    63 |    81 |    57 |    65 |    74 |   123 |     8 ||   471
Dodge: Dodged            |   114 |   212 |   312 |   236 |   254 |   294 |    12 ||  1434
Block: Buckler           |       |       |       |       |    54 |   141 |     9 ||   204
       Reflection        |       |       |       |       |       |    25 |     3 ||    28

Table legend: (Time is in decaauts)
 A = Elapsed time spent in this place.
 B = Non-inter-level travel time spent in this place.
 C = Inter-level travel time spent in this place.
 D = Time resting spent in this place.
 E = Time spent auto-exploring this place.
 F = Levels seen in this place.
 G = Mean time per level.
                   A        B        C        D        E       F      G
               +--------+--------+--------+--------+--------+-----+--------+
         Total |  53636 |  51396 |   2240 |   5236 |  38898 |  37 | 1449.6 |
       Dungeon |  21963 |  20921 |   1042 |   1549 |  16360 |  15 | 1464.2 |
        Temple |     17 |     17 |      0 |      0 |      7 |   1 |   17.0 |
          Lair |  10085 |   9494 |    591 |    695 |   7686 |   6 | 1680.8 |
        Shoals |   5249 |   5083 |    166 |   1258 |   3310 |   3 | 1749.7 |
     Snake Pit |   5054 |   4834 |    220 |    820 |   3404 |   3 | 1684.7 |
  Orcish Mines |   2307 |   2176 |    131 |    202 |   1531 |   2 | 1153.5 |
   Elven Halls |   6646 |   6559 |     87 |    656 |   5002 |   3 | 2215.3 |
         Abyss |    303 |    303 |      0 |     12 |    213 |   1 |  303.0 |
         Sewer |    652 |    652 |      0 |      0 |    423 |   1 |  652.0 |
        Bailey |   1015 |   1015 |      0 |     44 |    703 |   1 | 1015.0 |
      Ice Cave |    340 |    340 |      0 |      0 |    257 |   1 |  340.0 |
               +--------+--------+--------+--------+--------+-----+--------+

Top non-repeatable levels by time:
   Elf:2: 3588 daAuts
Shoals:2: 3038 daAuts
    D:13: 2654 daAuts
  Lair:6: 2406 daAuts
     D:8: 2390 daAuts
 Snake:2: 2149 daAuts
     D:9: 1795 daAuts
  Lair:5: 1782 daAuts
  Lair:2: 1771 daAuts
   Elf:3: 1748 daAuts
  Lair:3: 1685 daAuts
Shoals:1: 1672 daAuts
     D:6: 1578 daAuts
     D:7: 1541 daAuts
     D:3: 1533 daAuts
